 Dungeon Sprint DCSS version 0.31.0-32-g396128a36d (webtiles) character file.

Game seed: 14899460445082674067

11911 Groucho the Geomancer (level 11, -6/58 HPs)
             Began as a Spriggan Earth Elementalist on Apr 11, 2024.
             Was the Champion of Sif Muna.
             Killed from afar by a hell knight (31 damage)
             ... with a bolt of fire
             ... in the Dungeon (Sprint VII: "The Pits").
             The game lasted 00:19:18 (10353 turns).

Groucho the Geomancer (SpEE)                       Turns: 10353, Time: 00:19:18

Health: -6/58      AC:  6    Str:  4    XL:     11   Next: 55%
Magic:  28/28      EV: 24    Int: 20    God:    Sif Muna [******]
Gold:   34         SH:  0    Dex: 20    Spells: 2/35 levels left

rFire   . . .        s - +2 dagger (distort)
rCold   . . .        (no shield)
rNeg    . . .        t - +0 steam dragon scales
rPois   .            (helmet restricted)
rElec   .            r - +0 cloak
rCorr   .            (gloves unavailable)
SInv    +            (boots unavailable)
Will    +....        (no amulet)
Stlth   ++++         m - +3 ring of evasion
HPRegen 0.29/turn    n - +3 ring of dexterity
MPRegen 0.21/turn

%: no teleportation
@: very quick
A: very small, no large weapons, unfitting armour, see invisible, speed 3
a: Renounce Religion, Channel Magic, Forget Spell, Divine Exegesis


You were in the Dungeon.
You worshipped Sif Muna.
Sif Muna was exalted by your worship.
You visited 1 branch You collected 34 gold pieces.

Inventory:

Hand Weapons
 h - a +2 dagger
 s - a +2 dagger of distortion (weapon)
Armour
 r - a +0 cloak (worn)
 t - +0 steam dragon scales (worn)
Jewellery
 m - a +3 ring of evasion (left hand)
 n - a +3 ring of dexterity (right hand)
 v - a ring of protection from fire
 z - a ring of willpower
Wands
 a - a wand of charming (4)
 u - a wand of acid (4)
Scrolls
 g - a scroll of blinking
 j - 2 scrolls of vulnerability
 k - 5 scrolls of amnesia
 l - a scroll of butterflies
 w - 4 scrolls of fear
 x - 7 scrolls of identify
 y - a scroll of fog
 A - 2 scrolls of enchant weapon
Potions
 b - 5 potions of magic
 c - 6 potions of curing
 d - 15 potions of heal wounds
 e - 2 potions of haste
 f - 6 potions of berserk rage
 i - 2 potions of invisibility
 o - a potion of brilliance
 p - 4 potions of mutation
 q - 2 potions of might


   Skills:
 + Level 7.5 Fighting
 - Level 6.0 Short Blades
 + Level 5.6 Dodging
 - Level 8.0 Stealth
 + Level 12.8 Spellcasting
 * Level 11.6 Conjurations
 + Level 3.1 Necromancy
 * Level 13.9 Earth Magic
 + Level 9.8 Alchemy
 + Level 9.4 Invocations


You had 2 spell levels left.
You knew the following spells:

 Your Spells              Type           Power      Damage    Failure   Level
a - Sandblast             Erth           100%       2d20      1%          1
b - Stone Arrow           Conj/Erth      100%       3d13      1%          3
c - Petrify               Alch/Erth      57%        N/A       1%          4
d - Brom's Barrelling Bo  Conj/Erth      59%        2d7       1%          4
e - Bombard               Conj/Erth      29%        9d5       4%          6
f - Irradiate             Conj/Alch      27%        3d20      1%          5
g - Lee's Rapid Deconstr  Erth           31%        3d16*     1%          5
h - Borgnjor's Vile Clut  Necr/Erth      23%        N/A       4%          5

Your spell library contained the following spells:

 Spells                   Type           Power      Damage    Failure   Level
 Foxfire                  Conj/Fire      100%       2x1d9     1%          1
 Kiss of Death            Conj/Necr      100%       2d13      1%          1
 Magic Dart               Conj           100%       1d8       1%          1
 Sting                    Conj/Alch      100%       1d9       1%          1
 Cigotuvi's Dreadful Rot  Necr/Alch/Air  60%        N/A       1%          2
 Momentum Strike          Conj/Tloc      72%        3d10      1%          2
 Searing Ray              Conj           100%       2d8       1%          2
 Static Discharge         Conj/Air       72%        3-6/arc   1%          2
 Sublimation of Blood     Necr           25%        N/A       2%          2
 Summon Small Mammal      Summ           48%        N/A       5%          1
 Scorch                   Fire           24%        2d6       8%          2
 Dazzling Flash           Conj/Hex       72%        N/A       1%          3
 Mephitic Cloud           Conj/Alch/Air  41%        N/A       1%          3
 Passwall                 Erth           62%        N/A       1%          3
 Fulminant Prism          Conj/Alch      27%        3d14      1%          4
 Leda's Liquefaction      Alch/Erth      28%        N/A       1%          4
 Olgreb's Toxic Radiance  Alch           51%        N/A       1%          4
 Iskenderun's Battlesphe  Conj           56%        2d11      1%          5
 Alistair's Intoxication  Alch           34%        N/A       2%          5
 Animate Armour           Summ/Erth      80%        N/A       3%          4
 Fugue of the Fallen      Necr           25%        N/A       4%          3
 Vampiric Draining        Necr           25%        2d7       4%          3
 Flame Wave               Conj/Fire      36%        2d10      4%          4
 Iskenderun's Mystic Bla  Conj/Tloc      36%        2d9       4%          4
 Sticky Flame             Fire/Alch      32%        2d7       7%          4
 Arcjolt                  Conj/Air       18%        1d28      13%         5
 Fireball                 Conj/Fire      18%        3d9       13%         5
 Eringya's Noxious Bog    Alch           25%        4d6       14%         6
 Call Canine Familiar     Summ           12%        N/A       16%         3
 Ozocubu's Armour         Ice            12%        N/A       16%         3
 Volatile Blastmotes      Fire/Tloc      24%        2d12      16%         3
 Yara's Violent Unravell  Hex/Alch       16%        3d8       19%         5
 Freezing Cloud           Conj/Ice/Air   14%        6-21      28%         5
 Summon Lightning Spire   Summ/Air       12%        N/A       45%         4
 Conjure Ball Lightning   Conj/Air       18%        3x3d6     58%         6
 Starburst                Conj/Fire      18%        6d7       58%         6
 Lehudib's Crystal Spear  Conj/Erth      29%        10d8      88%         8
 Death Channel            Necr           12%        N/A       91%         6
 Infestation              Necr           12%        N/A       100%        8
 Maxwell's Capacitive Co  Air            6%         ∞         100%        8
 Chain Lightning          Conj/Air       18%        3d24      100%        9
 Fire Storm               Conj/Fire      18%        8d5       100%        9


Dungeon Overview and Level Annotations

Branches:
Dungeon (1/1)

Altars:
Ashenzari
Cheibriados
Dithmenos
Elyvilon
Fedhas
Gozag
Hepliaklqana
Kikubaaqudgha
Makhleb
Nemelex Xobeh
Okawaru
Qazlal
Ru
Sif Muna
Trog
Uskayaw
Vehumet
Wu Jian
Xom
Yredelemnul
Zin
The Shining One
Jiyva
Lugonu


Innate Abilities, Weirdness & Mutations

You are very small and have problems with some larger weapons.
You are too small for most types of armour.
You have supernaturally acute eyesight. (SInv)
You cover ground extremely quickly. (Speed+++)


Message History

Sif Muna grants you a gift!
Unknown command.
You pick up Sif Muna's Volume of the Allied Crucible {god gift} and begin reading...
It was Sif Muna's Volume of the Allied Crucible {god gift}.
You add the spells Call Canine Familiar, Olgreb's Toxic Radiance, Sticky Flame and Eringya's Noxious Bog to your library.
There is a huge open gate leading to the Armoury (Hard) here.
There is a huge open gate here.
You start resting.
Magic restored.
You start waiting.
You start waiting.
You start waiting.
Done waiting.
A hell knight and a deep troll come into view. 4 hell knights come into view.
A hell knight is wielding a +4 broad axe of flaming.
A hell knight is wielding a +1 demon blade of flaming.
A hell knight is wielding a +3 demon trident of flaming.
The deep troll shouts!
The hell knight shouts!
You hear an angry hiss.
You hear a shout!
A hell knight comes into view. It is wielding a +4 halberd of flaming.
The hell knight mumbles some strange prayers to its god against you.
The bolt of fire misses you.
The hell knight shouts! x2
Unknown command.
You hear a shout! x2
Unknown command.
The hell knight mumbles some strange prayers to its god.
The hell knight seems to speed up.
The hell knight invokes the aid of its god against you.
The bolt of fire misses you.
There is a huge open gate here.
The hell knight mumbles some strange prayers to its god.
The hell knight blinks!
There is a huge open gate leading to the Armoury (Hard) here.
The hell knight mumbles some strange prayers to its god against you.
The bolt of fire hits you!!
Ouch! That really hurt!
The hell knight invokes the aid of its god against you.
The bolt of fire hits you!!
Ouch! That really hurt!
You die...

# # # p ###########++########## p
##................##..# p
##......#..#......##..# p
##..............@.''..# .
.'))).............''..##########.
##......#).#......##.....§p....T.
##.........)......##.p...........
#####'#####')####################
##.......##')# ######## ##### #
##.......##).# ##...)..###...####
##.......##..###..#)#.........##.
##...<...##..##..##.##.....#...#.


You could see a hell knight (fast).

Vanquished Creatures
  An alligator (D)
  A merfolk avatar (D)
  A shadow wraith (D)
  A deep troll (D)
  A bog body (D)
  A wolf spider (D)
  2 elephants (D)
  An orange demon (D)
  A gargoyle (D)
  An unseen horror (D)
  A yaktaur (D)
  A komodo dragon (D)
  A tyrant leech (D)
  2 hellwings (D)
  2 tarantellas (D)
  13 dream sheep (D)
  5 glass eyes (D)
  A wyvern (D)
  2 ynoxinuls (D)
  A wraith (D)
  A redback (D)
  2 steam dragons (D)
  An orc warrior (D)
  A swamp drake (D)
  2 laughing skulls (D)
  5 wolves (D)
  An ogre (D)
  A kobold brigand (D)
  A gnoll sergeant (D)
  A scorpion (D)
  2 quasits (D)
  2 gnoll boudas (D)
  An orc priest (D)
  An iguana (D)
  7 orc wizards (D)
  12 gnolls (D)
  A river rat (D)
  An ufetubus (D)
  2 adder skeletons (D)
  11 orcs (D)
  A goblin (D)
  A hobgoblin (D)
  A ball python zombie (D)
  A jackal zombie (D)
  A quokka skeleton (D)
  A rat (D)
102 creatures vanquished.

Notes
Turn   | Place    | Note
-------+----------+-------------------------------------------
     0 | D        | Groucho the Spriggan Earth Elementalist began the quest for
                  | the Orb.
     0 | D        | Reached XP level 1. HP: 9/9 MP: 5/5
    12 | D        | Reached skill level 1 in Conjurations
    40 | D        | Found a glowing golden altar of the Shining One.
    40 | D        | Found a glowing silver altar of Zin.
    40 | D        | Found a basalt altar of Yredelemnul.
    40 | D        | Found a shimmering altar of Xom.
    40 | D        | Found an ornate altar of the Wu Jian Council.
    40 | D        | Found a bloodstained altar of Trog.
    40 | D        | Found a shimmering blue altar of Sif Muna.
    40 | D        | Found a sacrificial altar of Ru.
    40 | D        | Found a stormy altar of Qazlal.
    40 | D        | Found an iron altar of Okawaru.
    40 | D        | Found a sparkling altar of Nemelex Xobeh.
    40 | D        | Found a burning altar of Makhleb.
    40 | D        | Found a viscous altar of Jiyva.
    40 | D        | Found a hazy altar of Hepliaklqana.
    40 | D        | Found an opulent altar of Gozag.
    40 | D        | Found a blossoming altar of Fedhas.
    40 | D        | Found a white marble altar of Elyvilon.
    40 | D        | Found a shadowy altar of Dithmenos.
    40 | D        | Found a snail-covered altar of Cheibriados.
    41 | D        | Found a radiant altar of Vehumet.
    41 | D        | Found a corrupted altar of Lugonu.
    42 | D        | Found an ancient bone altar of Kikubaaqudgha.
    42 | D        | Found a hide-covered altar of Uskayaw.
    42 | D        | Found a broken altar of Ashenzari.
    43 | D        | Became a worshipper of Sif Muna the Loreminder
    57 | D        | Noticed a glass eye
    57 | D        | Noticed a glass eye
    93 | D        | Killed a glass eye
    94 | D        | Reached skill level 5 in Conjurations
    94 | D        | Reached skill level 6 in Earth Magic
    94 | D        | Reached XP level 2. HP: 13/13 MP: 6/10
    94 | D        | Reached XP level 3. HP: 16/16 MP: 6/11
    94 | D        | Reached XP level 4. HP: 21/21 MP: 7/13
    94 | D        | Reached XP level 5. HP: 24/24 MP: 7/14
   127 | D        | Killed a glass eye
   128 | D        | Reached skill level 8 in Earth Magic
   128 | D        | Reached XP level 6. HP: 28/28 MP: 12/17
   132 | D        | Learned a level 3 spell: Stone Arrow
   137 | D        | Learned a level 4 spell: Petrify
   142 | D        | Learned a level 4 spell: Brom's Barrelling Boulder
   148 | D        | Reached * piety under Sif Muna
   473 | D        | Reached skill level 1 in Short Blades
   473 | D        | Reached skill level 1 in Alchemy
   734 | D        | Noticed a glass eye
   738 | D        | Killed a glass eye
   739 | D        | Reached skill level 1 in Fighting
   739 | D        | Reached XP level 7. HP: 34/34 MP: 5/19
  1076 | D        | Reached ** piety under Sif Muna
  1077 | D        | Reached skill level 5 in Stealth
  1373 | D        | Reached *** piety under Sif Muna
  1390 | D        | Reached **** piety under Sif Muna
  1644 | D        | Reached skill level 9 in Earth Magic
  1646 | D        | Noticed a glass eye
  1674 | D        | Killed a glass eye
  2062 | D        | Noticed a gargoyle
  2064 | D        | Killed a gargoyle
  2064 | D        | Reached ***** piety under Sif Muna
  2065 | D        | Reached XP level 8. HP: 40/40 MP: 21/21
  2071 | D        | Received a gift from Sif Muna
  2075 | D        | Reached skill level 5 in Invocations
  2075 | D        | Got Sif Muna's Papyrus of Unified Gloom {god gift}
  2332 | D        | Noticed an orange demon
  2332 | D        | Noticed a dream sheep
  2332 | D        | Noticed a dream sheep
  3173 | D        | Killed a dream sheep
  3174 | D        | Killed a dream sheep
  3175 | D        | Reached skill level 10 in Earth Magic
  3224 | D        | Killed an orange demon
  3225 | D        | Reached skill level 5 in Short Blades
  3225 | D        | Reached skill level 5 in Alchemy
  3225 | D        | Reached XP level 9. HP: 45/45 MP: 8/23
  3403 | D        | Received a gift from Sif Muna
  3404 | D        | Got Sif Muna's Book of Traumaturgy and Compounds {god gift}
  3644 | D        | Reached skill level 10 in Spellcasting
  3646 | D        | Reached skill level 11 in Earth Magic
  4047 | D        | Noticed a hellwing
  4061 | D        | Killed a hellwing
  4078 | D        | Received a gift from Sif Muna
  4079 | D        | Reached skill level 5 in Fighting
  4080 | D        | Got Ossuafoo's Parchment of the Queen Bee and Calefaction
                  | {god gift}
  4405 | D        | Noticed a deep troll
  4405 | D        | Noticed an elephant
  4405 | D        | Noticed a shadow wraith
  4405 | D        | Noticed a komodo dragon
  4428 | D        | Killed a shadow wraith
  4429 | D        | Reached XP level 10. HP: 51/51 MP: 3/25
  4781 | D        | Killed an elephant
  5597 | D        | Noticed a merfolk avatar
  5616 | D        | Killed a merfolk avatar
  5617 | D        | Reached skill level 10 in Conjurations
  5617 | D        | Reached skill level 12 in Earth Magic
  5631 | D        | Received a gift from Sif Muna
  5632 | D        | Reached ****** piety under Sif Muna
  5979 | D        | Killed a deep troll
  6511 | D        | Received a gift from Sif Muna
  6512 | D        | Got Haegag's Disquisition on the Frore Barrage {god gift}
  6522 | D        | Noticed a bog body
  6560 | D        | Killed a bog body
  6574 | D        | Reached skill level 13 in Earth Magic
  7189 | D        | Learned a level 6 spell: Bombard
  7195 | D        | Learned a level 5 spell: Irradiate
  7382 | D        | Reached XP level 11. HP: 47/57 MP: 21/28
  7751 | D        | Received a gift from Sif Muna
  7752 | D        | Got Xutsif's Incunable of Hurtful Erosion {god gift}
  7759 | D        | Learned a level 5 spell: Lee's Rapid Deconstruction
  7765 | D        | Learned a level 5 spell: Borgnjor's Vile Clutch
  7826 | D        | Noticed a wolf spider
  7843 | D        | Killed a wolf spider
  7844 | D        | Reached skill level 1 in Necromancy
  8554 | D        | Received a gift from Sif Muna
  8555 | D        | Got Sif Muna's Elucidation of Impulse {god gift}
  8581 | D        | Noticed an alligator
  8585 | D        | Killed an alligator
  8902 | D        | Received a gift from Sif Muna
  8903 | D        | Reached skill level 5 in Dodging
  8903 | D        | Got Sif Muna's Omnibus of Assaults and Rot {god gift}
  9973 | D        | Received a gift from Sif Muna
  9974 | D        | Got Sif Muna's Volume of the Allied Crucible {god gift}
 10337 | D        | Noticed a hell knight
 10337 | D        | Noticed a deep troll
 10338 | D        | Noticed a hell knight
 10338 | D        | Noticed a hell knight
 10338 | D        | Noticed a hell knight
 10338 | D        | Noticed a hell knight
 10338 | D        | Noticed a hell knight
 10353 | D        | Killed from afar by a hell knight

Illustrated notes

Levels and vault maps discovered:
D:        pitsprint [storerooms_1, entrance_room_1, metal_vault_3, armoury_1,
          mini_pit_1, grid_room_1, main_hall_1, silver_pit, the_coven_1,
          the_vestibule_1, steel_vault_3, golden_pit, hallway_of_sentries,
          crystal_vault_4, iron_vault_1, final_vault]

Skill      XL: |  1  2  3  4  5  6  7  8  9 10 11 |
---------------+----------------------------------+-----
Conjurations   | 5 6 7 8 9 10 11 | 11.6
Spellcasting   | 6 7 8 9 10 12 | 12.8
Earth Magic    | 6 8 9 10 11 13 | 13.9
Invocations    | 2 3 4 5 7 8 9 |  9.4
Short Blades   | 2 4 5 6 |  6.0
Alchemy        | 2 4 5 7 8 9 |  9.8
Fighting       | 1 3 5 6 7 |  7.5
Stealth        | 4 6 8 |  8.0
Dodging        | 5 |  5.6
Necromancy     | 3 |  3.1

Action                     |  1- 3 |  4- 6 |  7- 9 | 10-12 || total
---------------------------+-------+-------+-------+-------++-------
  Melee: Dagger            |    32 |    35 |     7 |     7 ||    81
   Cast: Sandblast         |     2 |     1 |     1 |     1 ||     5
         Stone Arrow       |       |     7 |    83 |   108 ||   198
         Petrify           |       |       |     3 |    11 ||    14
         Irradiate         |       |       |       |     1 ||     1
         Borgnjor's Vile C |       |       |       |     1 ||     1
 Invoke: Channel Magic     |       |       |     3 |     2 ||     5
    Use: Potion            |       |       |       |     5 ||     5
   Stab: Sleeping          |       |     1 |     3 |       ||     4
         Petrified         |       |       |     4 |     6 ||    10
 Armour: Robe              |       |     1 |    16 |     3 ||    20
         Steam dragon scal |       |       |       |    27 ||    27
  Dodge: Dodged            |       |     1 |    21 |    42 ||    64
